BUFFALO vs FLORIDA

Created - January 19, 2021 at 06:51

Goals
1 2 3 OT1 T
BUFFALO 1 1 0 1 3
FLORIDA 1 0 1 0 2
Shots
1 2 3 OT1 T
BUFFALO 12 5 12 1 30
FLORIDA 6 7 6 0 19

1st period

1. FLORIDA , Martin Necas 3 (Joe Thornton 3) at 6:04
2. BUFFALO , Carl Hagelin 2 (Drew Doughty 2, Roman Josi 5) at 11:29

Penalties :
Noah Hanifin (BUF) for Interference (Minor) at 8:07

2nd period

3. BUFFALO , James van Riemsdyk 2 (Eric Staal 1) at 0:50 (PP)

Penalties :
Dante Fabbro (FLA) for Hooking (Minor) at 0:09, Dante Fabbro (FLA) for High sticking (Minor) at 4:47, Drake Batherson (FLA) for Roughing (Minor) at 9:58

3rd period

4. FLORIDA , Nate Schmidt 3 (Joe Thornton 4, Alex Galchenyuk 5) at 7:49 (PP)

Penalties :
Micheal Ferland (FLA) for Tripping (Minor) at 3:17, Alex Killorn (BUF) for Hooking (Minor) at 7:41, Drew Doughty (BUF) for Interference (Minor) at 16:09

Overtime #1

5. BUFFALO , Phil Kessel 2 (Drew Doughty 3, Eric Staal 2) at 0:42

Penalties :
No Penalty

Goalie Stats

Tuukka Rask (BUF), 17 saves from 19 shots - (0.895), W, 4-2-2, 60:43 minutes
Jimmy Howard (FLA), 27 saves from 30 shots - (0.900), OTL, 2-6-2, 60:43 minutes

Players Stats for BUFFALO

Player Name              G  A  P  +/- PIM S  H  SB GA TA FO     MP     PP MP  PK MP  
------------------------------------------------------------------------------------
Alex Killorn             0  0  0   0  2   2  1  0  0  0  0/0    13:50   0:00   0:00 
Brad Marchand            0  0  0   0  0   5  3  0  0  0  0/1    22:08   3:42   3:07 
Carl Hagelin             1  0  1   0  0   4  0  0  0  0  0/1     7:54   0:00   1:05 
Charlie Coyle            0  0  0   0  0   2  2  0  0  0  0/1    16:47   2:56   0:00 
Drew Doughty             0  2  2   1  2   0  4  1  0  0  0/0    24:35   3:10   1:22 
Eric Staal               0  2  2   1  0   2  1  0  0  0  12/24  18:40   2:56   0:24 
Frank Vatrano            0  0  0   0  0   0  3  0  0  0  0/2    13:17   0:00   0:00 
James van Riemsdyk       1  0  1   0  0   2  0  0  0  0  0/0    15:27   2:56   0:00 
Jordan Staal             0  0  0   0  0   2  1  0  0  0  12/22  16:18   0:00   3:01 
Marco Scandella          0  0  0   0  0   0  1  0  0  0  0/0    15:35   0:00   0:00 
Matt Duchene             0  0  0   0  0   2  2  0  0  0  13/24  19:01   3:42   0:00 
Matt Grzelcyk            0  0  0   0  0   0  2  3  0  0  0/0    17:15   0:00   1:40 
Noah Hanifin             0  0  0   0  2   1  1  1  0  0  0/0    18:51   3:28   1:04 
Noel Acciari             0  0  0   0  0   2  0  0  0  0  3/7     7:24   0:00   0:35 
Ondrej Kase              0  0  0   0  0   2  0  0  0  0  0/1     6:49   0:00   0:00 
Phil Kessel              1  0  1   1  0   3  0  0  0  0  0/1    19:44   3:42   0:00 
Roman Josi               0  1  1   0  0   1  2  2  0  0  0/0    24:57   3:10   2:26 
Shea Theodore            0  0  0   0  0   0  2  3  0  0  0/0    19:28   3:28   1:40 

Players Stats for FLORIDA

Player Name              G  A  P  +/- PIM S  H  SB GA TA FO     MP     PP MP  PK MP  
------------------------------------------------------------------------------------
Adam Lowry               0  0  0  -1  0   1  3  0  0  0  15/27  17:33   0:00   3:38 
Alex Galchenyuk          0  1  1  -1  0   0  2  0  0  0  0/1    15:58   2:03   0:00 
Brett Ritchie            0  0  0   0  0   0  0  0  0  0  0/0     8:16   0:00   0:00 
Craig Smith              0  0  0  -1  0   1  1  0  0  0  2/2    15:58   2:03   0:00 
Dante Fabbro             0  0  0  -1  4   2  4  1  0  0  0/0    21:16   2:09   1:43 
Drake Batherson          0  0  0   0  2   1  1  0  0  0  0/5     8:15   0:00   0:00 
Joakim Nordstrom         0  0  0   0  0   2  0  0  0  0  0/0    11:01   0:00   0:00 
Joe Thornton             0  2  2   0  0   4  1  0  0  0  13/25  20:55   2:03   2:05 
Justin Schultz           0  0  0   1  0   0  0  0  0  0  0/0    13:56   0:00   0:37 
Marc Staal               0  0  0   0  0   0  1  0  0  0  0/0    20:27   0:00   1:56 
Markus Granlund          0  0  0   0  0   0  0  0  0  0  0/0     8:40   0:00   0:24 
Martin Necas             1  0  1   1  0   2  3  0  0  0  0/2    21:40   2:03   3:33 
Micheal Ferland          0  0  0   0  2   1  2  0  0  0  0/0    11:00   0:00   0:00 
Nate Schmidt             1  0  1   0  0   1  1  2  0  0  0/0    25:24   2:09   3:33 
Patrick Marleau          0  0  0   0  0   2  0  1  0  0  2/2    21:31   2:03   2:41 
Radim Simek              0  0  0   1  0   1  3  1  0  0  0/0    17:32   1:57   2:10 
Ryan Donato              0  0  0   0  0   1  0  0  0  0  12/20  13:59   2:03   0:55 
Shayne Gostisbehere      0  0  0  -2  0   0  2  0  0  0  0/0    22:06   1:57   3:17 

3 Stars

1 - Martin Necas (FLA)
2 - Drew Doughty (BUF)
3 - Eric Staal (BUF)

Power Play

BUFFALO - 1 on 4 Attempt(s) - 25.00%
FLORIDA - 1 on 3 Attempt(s) - 33.33%

Penalty Kill

BUFFALO - 2 on 3 Attempt(s) - 66.67% - Score 0 goal in Penalty Kill
FLORIDA - 3 on 4 Attempt(s) - 75.00% - Score 0 goal in Penalty Kill

Team Stat

BUFFALO - Hits : 25 - Faceoff Wins : 40 - Blocked Shots : 10 - Penalty Minutes : 6
FLORIDA - Hits : 24 - Faceoff Wins : 44 - Blocked Shots : 5 - Penalty Minutes : 8

Official

Referees : Reid Anderson and Graham Skilliter
Linesman : David Brisebois and Andrew Smith

Game Notes

No Game Note

Finance

Level 1 -- Attendance: 5670 (94.50%) -- Ticket Income $453,600
Level 2 -- Attendance: 5000 (100.00%) -- Ticket Income $250,000
Level 3 -- Attendance: 1943 (97.15%) -- Ticket Income $54,404
Level 4 -- Attendance: 4000 (100.00%) -- Ticket Income $60,000
Luxury Box -- Attendance: 1000 (100.00%) -- Ticket Income $150,000
Game was played at the BBT Center.
Total Attendance: 17613 (97.85%)
Total Ticket Income: $968,004
Total Income: $968,004

BUFFALO

5 vs 5 Forward 
   Center                   Left Wing                Right Wing               Time % Phy DF OF 
 1 Matt Duchene             Brad Marchand            Phil Kessel              35     1   2  2  
 2 Eric Staal               Alex Killorn             Charlie Coyle            30     1   2  2  
 3 Jordan Staal             James van Riemsdyk       Frank Vatrano            25     1   2  2  
 4 Noel Acciari             Carl Hagelin             Ondrej Kase              10     1   2  2  

5 vs 5 Defense 
   Defense                  Defense                                           Time % Phy DF OF 
 1 Roman Josi               Drew Doughty                                      35     1   2  2  
 2 Noah Hanifin             Shea Theodore                                     30     1   2  2  
 3 Marco Scandella          Matt Grzelcyk                                     25     1   2  2  
 4 Roman Josi               Drew Doughty                                      10     1   2  2  

PowerPlay Forward 
   Center                   Left Wing                Right Wing               Time % Phy DF OF 
 1 Matt Duchene             Brad Marchand            Phil Kessel              60     1   2  2  
 2 Eric Staal               James van Riemsdyk       Charlie Coyle            40     1   2  2  

PowerPlay Defense
   Defense                  Defense                                           Time % Phy DF OF 
 1 Roman Josi               Drew Doughty                                      60     1   2  2  
 2 Noah Hanifin             Shea Theodore                                     40     1   2  2  

Penalty Kill 4 Players Forward 
   Center                   Wing                     Time % Phy DF OF 
 1 Jordan Staal             Brad Marchand            60     1   2  2  
 2 Noel Acciari             Carl Hagelin             40     1   2  2  

Penalty Kill 4 Players Defense
   Defense                  Defense                  Time % Phy DF OF 
 1 Roman Josi               Drew Doughty             60     1   2  2  
 2 Noah Hanifin             Shea Theodore            40     1   2  2  

Penalty Kill - 3 Players Forward 
   Forward                                           Time % Phy DF OF 
 1 Jordan Staal                                      60     1   2  2  
 2 Noel Acciari                                      40     1   2  2  

Penalty Kill - 3 Players Defense
   Defense                  Defense                  Time % Phy DF OF 
 1 Roman Josi               Drew Doughty             60     1   2  2  
 2 Noah Hanifin             Shea Theodore            40     1   2  2  

4 vs 4 Forward 
   Center                   Wing                     Time % Phy DF OF 
 1 Eric Staal               Brad Marchand            60     1   2  2  
 2 Jordan Staal             Alex Killorn             40     1   2  2  

4 vs 4 Defense
   Defense                  Defense                  Time % Phy DF OF 
 1 Roman Josi               Drew Doughty             60     1   2  2  
 2 Noah Hanifin             Shea Theodore            40     1   2  2  

Last Minutes Offensive
   Center                   Left Wing                Right Wing               Defense                  Defense                  
   Matt Duchene             Brad Marchand            Phil Kessel              Roman Josi               Drew Doughty             

Last Minutes Defensive
   Center                   Left Wing                Right Wing               Defense                  Defense                  
   Jordan Staal             Brad Marchand            Charlie Coyle            Roman Josi               Drew Doughty             

Goaltenders
Starting : Tuukka Rask              
Backup : Alex Stalock             

Extra Forwards
Normal : Jordan Staal, James van Riemsdyk, Carl Hagelin - PP : Jordan Staal, James van Riemsdyk - PK : Carl Hagelin
Extra Defensemen
Normal : Marco Scandella, Matt Grzelcyk, Noah Hanifin - PP : Marco Scandella - PK : Matt Grzelcyk, Noah Hanifin
Penalty Shots
Matt Duchene, Charlie Coyle, Ondrej Kase, Brad Marchand, James van Riemsdyk

Scratches
None

FLORIDA

5 vs 5 Forward 
   Center                   Left Wing                Right Wing               Time % Phy DF OF 
 1 Joe Thornton             Patrick Marleau          Martin Necas             35     2   0  3  
 2 Adam Lowry               Alex Galchenyuk          Craig Smith              30     2   0  3  
 3 Ryan Donato              Micheal Ferland          Joakim Nordstrom         20     2   0  3  
 4 Drake Batherson          Markus Granlund          Brett Ritchie            15     2   0  3  

5 vs 5 Defense 
   Defense                  Defense                                           Time % Phy DF OF 
 1 Marc Staal               Nate Schmidt                                      40     3   1  1  
 2 Dante Fabbro             Shayne Gostisbehere                               35     3   1  1  
 3 Radim Simek              Justin Schultz                                    20     3   1  1  
 4 Dante Fabbro             Nate Schmidt                                      5      3   1  1  

PowerPlay Forward 
   Center                   Left Wing                Right Wing               Time % Phy DF OF 
 1 Ryan Donato              Patrick Marleau          Martin Necas             60     1   0  4  
 2 Joe Thornton             Alex Galchenyuk          Craig Smith              40     1   0  4  

PowerPlay Defense
   Defense                  Defense                                           Time % Phy DF OF 
 1 Dante Fabbro             Nate Schmidt                                      60     1   0  4  
 2 Shayne Gostisbehere      Radim Simek                                       40     1   0  4  

Penalty Kill 4 Players Forward 
   Center                   Wing                     Time % Phy DF OF 
 1 Adam Lowry               Martin Necas             60     3   2  0  
 2 Joe Thornton             Patrick Marleau          40     3   2  0  

Penalty Kill 4 Players Defense
   Defense                  Defense                  Time % Phy DF OF 
 1 Dante Fabbro             Nate Schmidt             60     3   2  0  
 2 Shayne Gostisbehere      Radim Simek              40     3   2  0  

Penalty Kill - 3 Players Forward 
   Forward                                           Time % Phy DF OF 
 1 Adam Lowry                                        60     3   2  0  
 2 Martin Necas                                      40     3   2  0  

Penalty Kill - 3 Players Defense
   Defense                  Defense                  Time % Phy DF OF 
 1 Dante Fabbro             Nate Schmidt             60     3   2  0  
 2 Justin Schultz           Radim Simek              40     3   2  0  

4 vs 4 Forward 
   Center                   Wing                     Time % Phy DF OF 
 1 Ryan Donato              Martin Necas             60     1   2  2  
 2 Joe Thornton             Patrick Marleau          40     1   2  2  

4 vs 4 Defense
   Defense                  Defense                  Time % Phy DF OF 
 1 Dante Fabbro             Nate Schmidt             60     1   2  2  
 2 Shayne Gostisbehere      Radim Simek              40     1   2  2  

Last Minutes Offensive
   Center                   Left Wing                Right Wing               Defense                  Defense                  
   Joe Thornton             Patrick Marleau          Martin Necas             Dante Fabbro             Nate Schmidt             

Last Minutes Defensive
   Center                   Left Wing                Right Wing               Defense                  Defense                  
   Joe Thornton             Patrick Marleau          Martin Necas             Dante Fabbro             Nate Schmidt             

Goaltenders
Starting : Jimmy Howard             
Backup : Marc-Andre Fleury        

Extra Forwards
Normal : Drake Batherson, Markus Granlund, Martin Necas - PP : Drake Batherson, Markus Granlund - PK : Martin Necas
Extra Defensemen
Normal : Justin Schultz, Radim Simek, Nate Schmidt - PP : Nate Schmidt - PK : Shayne Gostisbehere, Nate Schmidt
Penalty Shots
Drake Batherson, Martin Necas, Ryan Donato, Patrick Marleau, Nate Schmidt

Scratches
Ilya Lyubushkin (Healthy), FLA Cap Hit (Suspend), Denis Malgin (Healthy)

% Time on Ice - BUFFALO

Lines # - Real PCT - Wanted PCT - Time Play
Normal Forward
1 - 31% - 35% - 15:19
2 - 28% - 30% - 13:51
3 - 27% - 25% - 13:17
4 - 14% - 10% - 6:49
Normal Defense
1 - 34% - 35% - 16:56
2 - 29% - 30% - 14:20
3 - 32% - 25% - 15:35
4 - 5% - 10% - 2:25
PP Forward
1 - 56% - 60% - 3:42
2 - 44% - 40% - 2:56
PP Defense
1 - 48% - 60% - 3:10
2 - 52% - 40% - 3:28
PK Forward
1 - 86% - 60% - 3:31
2 - 14% - 40% - 0:35
PK Defense
1 - 59% - 60% - 2:26
2 - 41% - 40% - 1:40
PK3 Forward
1 - 0% - 60%
2 - 0% - 40%
PK3 Defense
1 - 0% - 60%
2 - 0% - 40%
44 Forward
1 - 0% - 60%
2 - 0% - 40%
44 Defense
1 - 0% - 60%
2 - 0% - 40%
Last Minute Offensive  - 0:00
Last Minute Defensive  - 0:00
Total
Forward - 60:00
Defense - 60:00

% Time on Ice - FLORIDA

Lines # - Real PCT - Wanted PCT - Time Play
Normal Forward
1 - 33% - 35% - 16:04
2 - 28% - 30% - 13:55
3 - 22% - 20% - 11:01
4 - 17% - 15% - 8:16
Normal Defense
1 - 38% - 40% - 18:31
2 - 31% - 35% - 15:18
3 - 27% - 20% - 13:19
4 - 4% - 5% - 2:08
PP Forward
1 - 50% - 60% - 2:03
2 - 50% - 40% - 2:03
PP Defense
1 - 52% - 60% - 2:09
2 - 48% - 40% - 1:57
PK Forward
1 - 81% - 60% - 5:24
2 - 19% - 40% - 1:14
PK Defense
1 - 72% - 60% - 4:48
2 - 28% - 40% - 1:50
PK3 Forward
1 - 0% - 60%
2 - 0% - 40%
PK3 Defense
1 - 0% - 60%
2 - 0% - 40%
44 Forward
1 - 0% - 60%
2 - 0% - 40%
44 Defense
1 - 0% - 60%
2 - 0% - 40%
Last Minute Offensive  - 0:00
Last Minute Defensive  - 0:00
Total
Forward - 60:00
Defense - 60:00

Play-by-Play

1st period


0:01 of 1st period - Matt Duchene wins face-off versus Joe Thornton in neutral zone.
0:48 of 1st period - Joe Thornton is hit by Matt Duchene and loses puck.
1:29 of 1st period - Shot by Adam Lowry.
1:29 of 1st period - Shot Misses the Net.
1:31 of 1st period - Shot by Alex Galchenyuk.
1:31 of 1st period - Shot Misses the Net.
1:39 of 1st period - Shot by Craig Smith.
1:39 of 1st period - Stopped by Tuukka Rask with a rebound.
1:41 of 1st period - Shot by Craig Smith.
1:41 of 1st period - Shot Blocked by Noah Hanifin.
1:43 of 1st period - Shot by Dante Fabbro.
1:43 of 1st period - Shot Blocked by Shea Theodore.
1:53 of 1st period - Justin Schultz is hit by Eric Staal and loses puck.
2:56 of 1st period - Shot by Carl Hagelin.
2:56 of 1st period - Stopped by Jimmy Howard without a rebound.
2:57 of 1st period - Matt Duchene wins face-off versus Adam Lowry in FLORIDA zone.
3:19 of 1st period - Icing by Brad Marchand.
3:20 of 1st period - Matt Duchene wins face-off versus Joe Thornton in BUFFALO zone.
4:56 of 1st period - Icing by Marco Scandella.
4:57 of 1st period - Jordan Staal wins face-off versus Adam Lowry in BUFFALO zone.
4:57 of 1st period - James van Riemsdyk is hit by Adam Lowry and loses puck.
5:25 of 1st period - Alex Killorn is hit by Shayne Gostisbehere and loses puck.
5:40 of 1st period - Shot by Alex Killorn.
5:40 of 1st period - Stopped by Jimmy Howard without a rebound.
5:41 of 1st period - Noel Acciari wins face-off versus Ryan Donato in FLORIDA zone.
5:41 of 1st period - Roman Josi is hit by Marc Staal and loses puck.
5:50 of 1st period - Shot by Carl Hagelin.
5:50 of 1st period - Stopped by Jimmy Howard without a rebound.
5:51 of 1st period - Joe Thornton wins face-off versus Ondrej Kase in FLORIDA zone.
6:04 of 1st period - Shot by Joe Thornton.
6:04 of 1st period - Deflect By Martin Necas.
6:04 of 1st period - Goal by Martin Necas - BUFFALO : 0 - FLORIDA : 1.
6:05 of 1st period - Eric Staal wins face-off versus Ryan Donato in neutral zone.
6:18 of 1st period - Icing by Joakim Nordstrom.
6:19 of 1st period - Ryan Donato wins face-off versus Noel Acciari in FLORIDA zone.
6:38 of 1st period - Shot by Ondrej Kase.
6:38 of 1st period - Stopped by Jimmy Howard without a rebound.
6:39 of 1st period - Joe Thornton wins face-off versus Eric Staal in FLORIDA zone.
6:47 of 1st period - Icing by Noah Hanifin.
6:48 of 1st period - Craig Smith wins face-off versus Eric Staal in BUFFALO zone.
6:54 of 1st period - Off-side.
6:55 of 1st period - Matt Duchene wins face-off versus Joe Thornton in neutral zone.
7:13 of 1st period - Brad Marchand is hit by Dante Fabbro and loses puck.
7:18 of 1st period - Shot by Brad Marchand.
7:18 of 1st period - Stopped by Jimmy Howard without a rebound.
7:19 of 1st period - Adam Lowry wins face-off versus Jordan Staal in FLORIDA zone.
7:36 of 1st period - Icing by Adam Lowry.
7:37 of 1st period - Eric Staal wins face-off versus Adam Lowry in FLORIDA zone.
7:44 of 1st period - Shot by Eric Staal.
7:44 of 1st period - Shot Misses the Net.
8:04 of 1st period - Shot by Adam Lowry.
8:04 of 1st period - Shot Misses the Net.
8:07 of 1st period - Minor Penalty to Noah Hanifin for Interference.
8:08 of 1st period - Jordan Staal wins face-off versus Ryan Donato in BUFFALO zone.
8:27 of 1st period - Shot by Martin Necas.
8:27 of 1st period - Stopped by Tuukka Rask without a rebound.
8:28 of 1st period - Ryan Donato wins face-off versus Jordan Staal in BUFFALO zone.
8:33 of 1st period - Shot by Dante Fabbro.
8:33 of 1st period - Stopped by Tuukka Rask without a rebound.
8:34 of 1st period - Jordan Staal wins face-off versus Joe Thornton in BUFFALO zone.
8:55 of 1st period - Icing by Nate Schmidt.
8:56 of 1st period - Jordan Staal wins face-off versus Joe Thornton in FLORIDA zone.
9:28 of 1st period - Icing by Radim Simek.
9:29 of 1st period - Noel Acciari wins face-off versus Ryan Donato in FLORIDA zone.
9:42 of 1st period - Shot by Radim Simek.
9:42 of 1st period - Shot Blocked by Shea Theodore.
9:49 of 1st period - Icing by Radim Simek.
9:50 of 1st period - Jordan Staal wins face-off versus Ryan Donato in FLORIDA zone.
10:51 of 1st period - Icing by Marco Scandella.
10:52 of 1st period - Adam Lowry wins face-off versus Eric Staal in BUFFALO zone.
11:29 of 1st period - Shot by Carl Hagelin.
11:29 of 1st period - Goal by Carl Hagelin - BUFFALO : 1 - FLORIDA : 1.
11:30 of 1st period - Matt Duchene wins face-off versus Joe Thornton in neutral zone.
11:33 of 1st period - Radim Simek is hit by Brad Marchand and loses puck.
11:48 of 1st period - Shot by Radim Simek.
11:48 of 1st period - Stopped by Tuukka Rask without a rebound.
11:49 of 1st period - Ryan Donato wins face-off versus Jordan Staal in BUFFALO zone.
12:00 of 1st period - Shot by Ryan Donato.
12:00 of 1st period - Stopped by Tuukka Rask without a rebound.
12:01 of 1st period - Matt Duchene wins face-off versus Joe Thornton in BUFFALO zone.
12:14 of 1st period - Shot by Phil Kessel.
12:14 of 1st period - Stopped by Jimmy Howard with a rebound.
12:16 of 1st period - Shot by Noah Hanifin.
12:16 of 1st period - Stopped by Jimmy Howard without a rebound.
12:17 of 1st period - Ryan Donato wins face-off versus Jordan Staal in FLORIDA zone.
12:22 of 1st period - Shot by Nate Schmidt.
12:22 of 1st period - Shot Blocked by Roman Josi.
12:24 of 1st period - Shot by Nate Schmidt.
12:24 of 1st period - Shot Misses the Net.
12:32 of 1st period - Marc Staal is hit by Jordan Staal and loses puck.
13:12 of 1st period - Icing by Shayne Gostisbehere.
13:13 of 1st period - Joe Thornton wins face-off versus Matt Duchene in FLORIDA zone.
13:27 of 1st period - Shayne Gostisbehere is hit by Matt Duchene and loses puck.
13:32 of 1st period - Shot by Brad Marchand.
13:32 of 1st period - Stopped by Jimmy Howard with a rebound.
14:05 of 1st period - Icing by Shea Theodore.
14:06 of 1st period - Matt Duchene wins face-off versus Adam Lowry in BUFFALO zone.
15:13 of 1st period - Icing by Frank Vatrano.
15:14 of 1st period - Jordan Staal wins face-off versus Drake Batherson in BUFFALO zone.
15:58 of 1st period - Frank Vatrano is hit by Martin Necas and loses puck.
16:20 of 1st period - Icing by Shea Theodore.
16:21 of 1st period - Adam Lowry wins face-off versus Matt Duchene in BUFFALO zone.
16:51 of 1st period - Icing by Shea Theodore.
16:52 of 1st period - Matt Duchene wins face-off versus Martin Necas in BUFFALO zone.
17:14 of 1st period - Icing by Nate Schmidt.
17:15 of 1st period - Joe Thornton wins face-off versus Eric Staal in FLORIDA zone.
18:40 of 1st period - Shot by Carl Hagelin.
18:40 of 1st period - Deflect By Noel Acciari.
18:40 of 1st period - Stopped by Jimmy Howard without a rebound.
18:41 of 1st period - Craig Smith wins face-off versus Matt Duchene in FLORIDA zone.
19:08 of 1st period - Shot by Phil Kessel.
19:08 of 1st period - Stopped by Jimmy Howard without a rebound.
19:09 of 1st period - Jordan Staal wins face-off versus Drake Batherson in FLORIDA zone.
19:09 of 1st period - Roman Josi is hit by Nate Schmidt and loses puck.
19:14 of 1st period - Shot by James van Riemsdyk.
19:14 of 1st period - Stopped by Jimmy Howard without a rebound.
19:15 of 1st period - Jordan Staal wins face-off versus Joe Thornton in FLORIDA zone.
19:30 of 1st period - Shot by Frank Vatrano.
19:30 of 1st period - Shot Blocked by Patrick Marleau.
19:40 of 1st period - Shot by Martin Necas.
19:40 of 1st period - Shot Misses the Net.
Goals for this period are 1 for BUFFALO vs 1 for FLORIDA.
Shots for this period are 12 for BUFFALO vs 6 for FLORIDA.

2nd period


0:01 of 2nd period - Matt Duchene wins face-off versus Adam Lowry in neutral zone.
0:09 of 2nd period - Minor Penalty to Dante Fabbro for Hooking.
0:10 of 2nd period - Adam Lowry wins face-off versus Matt Duchene in FLORIDA zone.
0:44 of 2nd period - Off-side.
0:45 of 2nd period - Eric Staal wins face-off versus Adam Lowry in neutral zone.
0:50 of 2nd period - Shot by James van Riemsdyk.
0:50 of 2nd period - Goal by James van Riemsdyk - BUFFALO : 2 - FLORIDA : 1.
0:51 of 2nd period - Ryan Donato wins face-off versus Eric Staal in neutral zone.
1:12 of 2nd period - Shot by Charlie Coyle.
1:12 of 2nd period - Deflect By Alex Killorn.
1:12 of 2nd period - Shot Misses the Net.
1:49 of 2nd period - Drew Doughty is hit by Radim Simek and loses puck.
1:54 of 2nd period - Shot by Brad Marchand.
1:54 of 2nd period - Shot Misses the Net.
1:56 of 2nd period - Shot by Phil Kessel.
1:56 of 2nd period - Shot Misses the Net.
1:58 of 2nd period - Shot by Matt Duchene.
1:58 of 2nd period - Shot Hit the Post.
2:00 of 2nd period - Shot by Matt Duchene.
2:00 of 2nd period - Stopped by Jimmy Howard without a rebound.
2:01 of 2nd period - Jordan Staal wins face-off versus Adam Lowry in FLORIDA zone.
2:01 of 2nd period - Jordan Staal is hit by Dante Fabbro.
2:37 of 2nd period - Frank Vatrano is hit by Shayne Gostisbehere and loses puck.
3:16 of 2nd period - Shot by Joe Thornton.
3:16 of 2nd period - Stopped by Tuukka Rask without a rebound.
3:17 of 2nd period - Matt Duchene wins face-off versus Drake Batherson in BUFFALO zone.
4:34 of 2nd period - Radim Simek is hit by Charlie Coyle and loses puck.
4:41 of 2nd period - Shot by Alex Killorn.
4:41 of 2nd period - Shot Misses the Net.
4:43 of 2nd period - Shot by Eric Staal.
4:43 of 2nd period - Shot Blocked by Radim Simek.
4:45 of 2nd period - Shot by Charlie Coyle.
4:45 of 2nd period - Stopped by Jimmy Howard without a rebound.
4:46 of 2nd period - Noel Acciari wins face-off versus Adam Lowry in FLORIDA zone.
4:46 of 2nd period - Noel Acciari is hit by Dante Fabbro.
4:47 of 2nd period - Minor Penalty to Dante Fabbro for High sticking.
4:48 of 2nd period - Eric Staal wins face-off versus Adam Lowry in FLORIDA zone.
7:01 of 2nd period - Shot by Micheal Ferland.
7:01 of 2nd period - Deflect By Ryan Donato.
7:01 of 2nd period - Shot Misses the Net.
7:19 of 2nd period - Shot by Ryan Donato.
7:19 of 2nd period - Shot Misses the Net.
7:49 of 2nd period - Shot by Drake Batherson.
7:49 of 2nd period - Shot Misses the Net.
8:43 of 2nd period - Justin Schultz is hit by Shea Theodore and loses puck.
9:08 of 2nd period - Shot by Joe Thornton.
9:08 of 2nd period - Stopped by Tuukka Rask without a rebound.
9:09 of 2nd period - Ryan Donato wins face-off versus Noel Acciari in BUFFALO zone.
9:18 of 2nd period - Shot by Micheal Ferland.
9:18 of 2nd period - Shot Blocked by Matt Grzelcyk.
9:50 of 2nd period - Carl Hagelin is hit by Micheal Ferland and loses puck.
9:58 of 2nd period - Minor Penalty to Drake Batherson for Roughing.
9:59 of 2nd period - Adam Lowry wins face-off versus Charlie Coyle in FLORIDA zone.
10:18 of 2nd period - Shot by Adam Lowry.
10:18 of 2nd period - Shot Blocked by Roman Josi.
10:56 of 2nd period - Icing by Matt Duchene.
10:57 of 2nd period - Joe Thornton wins face-off versus Matt Duchene in BUFFALO zone.
10:57 of 2nd period - Joe Thornton is hit by Noah Hanifin.
11:44 of 2nd period - Shayne Gostisbehere is hit by Brad Marchand and loses puck.
12:24 of 2nd period - Shot by Markus Granlund.
12:24 of 2nd period - Shot Blocked by Matt Grzelcyk.
12:28 of 2nd period - Shot by Drake Batherson.
12:28 of 2nd period - Stopped by Tuukka Rask with a rebound.
13:20 of 2nd period - Icing by Marc Staal.
13:21 of 2nd period - Eric Staal wins face-off versus Ryan Donato in FLORIDA zone.
13:50 of 2nd period - Shot by Patrick Marleau.
13:50 of 2nd period - Stopped by Tuukka Rask without a rebound.
13:51 of 2nd period - Adam Lowry wins face-off versus Jordan Staal in BUFFALO zone.
15:25 of 2nd period - Martin Necas is hit by Drew Doughty and loses puck.
16:18 of 2nd period - Shot by Eric Staal.
16:18 of 2nd period - Shot Misses the Net.
16:26 of 2nd period - Shot by Micheal Ferland.
16:26 of 2nd period - Stopped by Tuukka Rask without a rebound.
16:27 of 2nd period - Adam Lowry wins face-off versus Noel Acciari in BUFFALO zone.
16:30 of 2nd period - Shot by Craig Smith.
16:30 of 2nd period - Shot Blocked by Drew Doughty.
16:48 of 2nd period - Shot by Craig Smith.
16:48 of 2nd period - Shot Misses the Net.
16:50 of 2nd period - Shot by Dante Fabbro.
16:50 of 2nd period - Stopped by Tuukka Rask without a rebound.
16:51 of 2nd period - Ryan Donato wins face-off versus Eric Staal in BUFFALO zone.
16:54 of 2nd period - Shot by Joakim Nordstrom.
16:54 of 2nd period - Stopped by Tuukka Rask without a rebound.
16:55 of 2nd period - Joe Thornton wins face-off versus Matt Duchene in BUFFALO zone.
17:12 of 2nd period - Shot by Brad Marchand.
17:12 of 2nd period - Shot Misses the Net.
17:14 of 2nd period - Shot by Marco Scandella.
17:14 of 2nd period - Deflect By Brad Marchand.
17:14 of 2nd period - Stopped by Jimmy Howard without a rebound.
17:15 of 2nd period - Adam Lowry wins face-off versus Eric Staal in FLORIDA zone.
17:25 of 2nd period - Icing by Drew Doughty.
17:26 of 2nd period - Eric Staal wins face-off versus Martin Necas in BUFFALO zone.
17:26 of 2nd period - Eric Staal is hit by Martin Necas.
17:44 of 2nd period - Shot by Alex Killorn.
17:44 of 2nd period - Deflect By Eric Staal.
17:44 of 2nd period - Stopped by Jimmy Howard without a rebound.
17:45 of 2nd period - Adam Lowry wins face-off versus Matt Duchene in FLORIDA zone.
18:17 of 2nd period - Adam Lowry is hit by Shea Theodore.
19:03 of 2nd period - Icing by Dante Fabbro.
19:04 of 2nd period - Patrick Marleau wins face-off versus Frank Vatrano in FLORIDA zone.
19:35 of 2nd period - Icing by Marco Scandella.
19:36 of 2nd period - Jordan Staal wins face-off versus Drake Batherson in BUFFALO zone.
19:36 of 2nd period - Jordan Staal is hit by Drake Batherson.
19:42 of 2nd period - Shot by Drake Batherson.
19:42 of 2nd period - Shot Misses the Net.
Goals for this period are 1 for BUFFALO vs 0 for FLORIDA.
Shots for this period are 5 for BUFFALO vs 7 for FLORIDA.

3rd period


0:01 of 3rd period - Joe Thornton wins face-off versus Phil Kessel in neutral zone.
0:17 of 3rd period - Icing by Martin Necas.
0:18 of 3rd period - Eric Staal wins face-off versus Joe Thornton in FLORIDA zone.
0:25 of 3rd period - Shot by Charlie Coyle.
0:25 of 3rd period - Stopped by Jimmy Howard without a rebound.
0:26 of 3rd period - Eric Staal wins face-off versus Adam Lowry in FLORIDA zone.
0:49 of 3rd period - Adam Lowry is hit by Roman Josi and loses puck.
0:59 of 3rd period - Alex Galchenyuk is hit by Drew Doughty and loses puck.
1:52 of 3rd period - Shot by Brad Marchand.
1:52 of 3rd period - Shot Blocked by Dante Fabbro.
2:29 of 3rd period - Shot by Jordan Staal.
2:29 of 3rd period - Stopped by Jimmy Howard without a rebound.
2:30 of 3rd period - Ryan Donato wins face-off versus Noel Acciari in FLORIDA zone.
3:17 of 3rd period - Minor Penalty to Micheal Ferland for Tripping.
3:18 of 3rd period - Adam Lowry wins face-off versus Matt Duchene in FLORIDA zone.
5:04 of 3rd period - Shot by Brad Marchand.
5:04 of 3rd period - Stopped by Jimmy Howard without a rebound.
5:05 of 3rd period - Adam Lowry wins face-off versus Eric Staal in FLORIDA zone.
5:20 of 3rd period - Shot by Ondrej Kase.
5:20 of 3rd period - Stopped by Jimmy Howard with a rebound.
5:34 of 3rd period - Off-side.
5:35 of 3rd period - Jordan Staal wins face-off versus Adam Lowry in neutral zone.
5:35 of 3rd period - Frank Vatrano is hit by Adam Lowry and loses puck.
6:05 of 3rd period - Shot by Frank Vatrano.
6:05 of 3rd period - Shot Misses the Net.
6:13 of 3rd period - Frank Vatrano is hit by Alex Galchenyuk and loses puck.
6:43 of 3rd period - Shot by Matt Duchene.
6:43 of 3rd period - Stopped by Jimmy Howard without a rebound.
6:44 of 3rd period - Eric Staal wins face-off versus Ryan Donato in FLORIDA zone.
6:53 of 3rd period - Shot by Alex Killorn.
6:53 of 3rd period - Stopped by Jimmy Howard without a rebound.
6:54 of 3rd period - Joe Thornton wins face-off versus Matt Duchene in FLORIDA zone.
6:54 of 3rd period - Joe Thornton is hit by Brad Marchand.
7:01 of 3rd period - Justin Schultz is hit by Roman Josi.
7:18 of 3rd period - Phil Kessel is hit by Martin Necas and loses puck.
7:32 of 3rd period - Icing by Justin Schultz.
7:33 of 3rd period - Eric Staal wins face-off versus Joe Thornton in FLORIDA zone.
7:33 of 3rd period - Shea Theodore is hit by Radim Simek and loses puck.
7:36 of 3rd period - Shot by Eric Staal.
7:36 of 3rd period - Stopped by Jimmy Howard without a rebound.
7:37 of 3rd period - Adam Lowry wins face-off versus Eric Staal in FLORIDA zone.
7:37 of 3rd period - Shayne Gostisbehere is hit by Alex Killorn and loses puck.
7:41 of 3rd period - Minor Penalty to Alex Killorn for Hooking.
7:42 of 3rd period - Joe Thornton wins face-off versus Jordan Staal in BUFFALO zone.
7:47 of 3rd period - Shot by Joe Thornton.
7:47 of 3rd period - Shot Misses the Net.
7:49 of 3rd period - Shot by Nate Schmidt.
7:49 of 3rd period - Goal by Nate Schmidt - BUFFALO : 2 - FLORIDA : 2.
7:50 of 3rd period - Eric Staal wins face-off versus Alex Galchenyuk in neutral zone.
7:50 of 3rd period - Eric Staal is hit by Alex Galchenyuk.
7:53 of 3rd period - Off-side.
7:54 of 3rd period - Matt Duchene wins face-off versus Adam Lowry in neutral zone.
7:54 of 3rd period - Matt Duchene is hit by Adam Lowry.
8:10 of 3rd period - Shot by Alex Galchenyuk.
8:10 of 3rd period - Shot Blocked by Shea Theodore.
8:22 of 3rd period - Shot by Craig Smith.
8:22 of 3rd period - Shot Misses the Net.
8:56 of 3rd period - Shot by Joe Thornton.
8:56 of 3rd period - Shot Misses the Net.
8:58 of 3rd period - Shot by Joe Thornton.
8:58 of 3rd period - Stopped by Tuukka Rask with a rebound.
9:12 of 3rd period - Shot by Joe Thornton.
9:12 of 3rd period - Stopped by Tuukka Rask without a rebound.
9:13 of 3rd period - Ryan Donato wins face-off versus Eric Staal in BUFFALO zone.
9:13 of 3rd period - Justin Schultz is hit by Drew Doughty and loses puck.
9:25 of 3rd period - Alex Killorn is hit by Radim Simek.
9:45 of 3rd period - Icing by Joakim Nordstrom.
9:46 of 3rd period - Ryan Donato wins face-off versus Jordan Staal in FLORIDA zone.
9:46 of 3rd period - Ryan Donato is hit by Frank Vatrano.
9:51 of 3rd period - Justin Schultz is hit by Frank Vatrano and loses puck.
9:55 of 3rd period - Justin Schultz is hit by Frank Vatrano and loses puck.
9:59 of 3rd period - Radim Simek is hit by Matt Grzelcyk and loses puck.
10:09 of 3rd period - Icing by Jordan Staal.
10:10 of 3rd period - Adam Lowry wins face-off versus Frank Vatrano in BUFFALO zone.
10:10 of 3rd period - Adam Lowry is hit by Matt Grzelcyk.
11:12 of 3rd period - Shot by Charlie Coyle.
11:12 of 3rd period - Shot Blocked by Nate Schmidt.
11:14 of 3rd period - Shot by Roman Josi.
11:14 of 3rd period - Stopped by Jimmy Howard without a rebound.
11:15 of 3rd period - Patrick Marleau wins face-off versus Matt Duchene in FLORIDA zone.
11:49 of 3rd period - Shot by Joe Thornton.
11:49 of 3rd period - Deflect By Patrick Marleau.
11:49 of 3rd period - Stopped by Tuukka Rask without a rebound.
11:50 of 3rd period - Eric Staal wins face-off versus Drake Batherson in BUFFALO zone.
12:53 of 3rd period - Shot by Jordan Staal.
12:53 of 3rd period - Stopped by Jimmy Howard without a rebound.
12:54 of 3rd period - Matt Duchene wins face-off versus Joe Thornton in FLORIDA zone.
13:06 of 3rd period - Shot by Matt Duchene.
13:06 of 3rd period - Deflect By Brad Marchand.
13:06 of 3rd period - Shot Misses the Net.
13:08 of 3rd period - Shot by Noah Hanifin.
13:08 of 3rd period - Shot Misses the Net.
13:10 of 3rd period - Shot by Shea Theodore.
13:10 of 3rd period - Shot Misses the Net.
13:16 of 3rd period - Shot by Brad Marchand.
13:16 of 3rd period - Stopped by Jimmy Howard without a rebound.
13:17 of 3rd period - Adam Lowry wins face-off versus Jordan Staal in FLORIDA zone.
14:29 of 3rd period - Shot by Eric Staal.
14:29 of 3rd period - Shot Blocked by Nate Schmidt.
14:33 of 3rd period - Shot by Charlie Coyle.
14:33 of 3rd period - Shot Misses the Net.
14:44 of 3rd period - Icing by Nate Schmidt.
14:45 of 3rd period - Joe Thornton wins face-off versus Matt Duchene in FLORIDA zone.
15:02 of 3rd period - Icing by Shea Theodore.
15:03 of 3rd period - Matt Duchene wins face-off versus Ryan Donato in BUFFALO zone.
15:20 of 3rd period - Icing by Joakim Nordstrom.
15:21 of 3rd period - Ryan Donato wins face-off versus Eric Staal in FLORIDA zone.
15:34 of 3rd period - Drew Doughty is hit by Micheal Ferland and loses puck.
15:43 of 3rd period - Shot by Joakim Nordstrom.
15:43 of 3rd period - Stopped by Tuukka Rask without a rebound.
15:44 of 3rd period - Adam Lowry wins face-off versus Brad Marchand in BUFFALO zone.
15:53 of 3rd period - Shot by Adam Lowry.
15:53 of 3rd period - Shot Misses the Net.
15:55 of 3rd period - Shot by Adam Lowry.
15:55 of 3rd period - Stopped by Tuukka Rask without a rebound.
15:56 of 3rd period - Joe Thornton wins face-off versus Jordan Staal in BUFFALO zone.
16:08 of 3rd period - Martin Necas is hit by Drew Doughty.
16:09 of 3rd period - Minor Penalty to Drew Doughty for Interference.
16:10 of 3rd period - Jordan Staal wins face-off versus Joe Thornton in BUFFALO zone.
16:10 of 3rd period - Jordan Staal is hit by Joe Thornton.
16:34 of 3rd period - Shot by Dante Fabbro.
16:34 of 3rd period - Shot Misses the Net.
16:36 of 3rd period - Shot by Joe Thornton.
16:36 of 3rd period - Deflect By Craig Smith.
16:36 of 3rd period - Shot Misses the Net.
17:14 of 3rd period - Shot by Noel Acciari.
17:14 of 3rd period - Stopped by Jimmy Howard without a rebound.
17:15 of 3rd period - Ryan Donato wins face-off versus Carl Hagelin in FLORIDA zone.
17:28 of 3rd period - Shot by Shayne Gostisbehere.
17:28 of 3rd period - Shot Blocked by Matt Grzelcyk.
17:44 of 3rd period - Shot by Carl Hagelin.
17:44 of 3rd period - Stopped by Jimmy Howard without a rebound.
17:45 of 3rd period - Joe Thornton wins face-off versus Jordan Staal in FLORIDA zone.
17:50 of 3rd period - Noah Hanifin is hit by Craig Smith and loses puck.
19:10 of 3rd period - Charlie Coyle is hit by Dante Fabbro and loses puck.
19:26 of 3rd period - Ryan Donato is hit by Charlie Coyle and loses puck.
19:30 of 3rd period - Shayne Gostisbehere is hit by Marco Scandella and loses puck.
19:54 of 3rd period - Shot by Alex Galchenyuk.
19:54 of 3rd period - Shot Misses the Net.
19:56 of 3rd period - Shot by Justin Schultz.
19:56 of 3rd period - Shot Misses the Net.
19:58 of 3rd period - Shot by Alex Galchenyuk.
19:58 of 3rd period - Shot Misses the Net.
Goals for this period are 0 for BUFFALO vs 1 for FLORIDA.
Shots for this period are 12 for BUFFALO vs 6 for FLORIDA.

Overtime #1


0:01 of 1st overtime period - Joe Thornton wins face-off versus Eric Staal in neutral zone.
0:42 of 1st overtime period - Shot by Phil Kessel.
0:42 of 1st overtime period - Goal by Phil Kessel - BUFFALO : 3 - FLORIDA : 2.
Goals for this period are 1 for BUFFALO vs 0 for FLORIDA.
Shots for this period are 1 for BUFFALO vs 0 for FLORIDA.